 Dungeon Crawl Stone Soup version 0.26-a0-1222-g14533b3512 (webtiles) character file.

Game seed: 15784550727861775209

16 Majang the Ruffian (level 2, -9/26 HPs)
             Began as a Ghoul Monk on Dec 31, 2020.
             Mangled by an ogre
             ... wielding a +0 giant club
              (15 damage)
             ... on level 2 of the Dungeon.
             The game lasted 00:02:29 (854 turns).

Majang the Ruffian (Ghoul Monk)                      Turns: 854, Time: 00:02:30

Health: -9/26      AC:  8    Str: 13 (14) XL:     2   Next: 54%
Magic:  1/1        EV:  6    Int:  4 (5)  God:
Gold:   40         SH:  0    Dex: 10 (11) Spells: 1/1 levels left

rFire    . . .     SeeInvis .     - Unarmed
rCold    + . .     Faith    .   (no shield)
rNeg     + + +     Spirit   .   c - +0 chain mail
rPois    ∞         Reflect  .   (no helmet)
rElec    .         Harm     .   (no cloak)
rCorr    .         Rampage  .   (no gloves)
Will     .....                  (no boots)
Stlth    ..........             (no amulet)
HPRegen  0.00/turn              (no ring)
MPRegen  0.07/turn              (no ring)

@: no status effects
A: claws 1, cold resistance 1, negative energy resistance 3, inhibited
regeneration, torment resistance, unbreathing
a: no special abilities


You were on level 2 of the Dungeon.
You visited 1 branch of the dungeon, and saw 2 of its levels.

You collected 40 gold pieces.

Inventory:

Missiles
 b - 33 stones (quivered)
Armour
 a - a +0 robe
 c - a +0 chain mail (worn)
Jewellery
 j - an uncursed ring of fire {unknown}
Scrolls
 e - 3 scrolls of remove curse {unknown}
 h - a scroll of teleportation {unknown}
 i - a scroll of enchant weapon {unknown}
 l - a scroll of amnesia {unknown}
 n - a scroll of identify {unknown}
 p - a scroll of fog {unknown}
Potions
 d - a potion of mutation
 f - a potion of degeneration {unknown}
 g - a potion of heal wounds {unknown}
 k - a potion of ambrosia {unknown}
 m - a potion of curing {unknown}
 o - a potion of haste {unknown}


   Skills:
 + Level 3.4 Fighting
 + Level 0.5 Armour
 + Level 2.8 Dodging
 - Level 2.1 Stealth
 * Level 3.7 Unarmed Combat


You had one spell level left.
You didn't know any spells.
Your spell library was empty.

Dungeon Overview and Level Annotations

Branches:
Dungeon (2/15)

Altars:
Ashenzari


Innate Abilities, Weirdness & Mutations

You thrive by killing the living.
You are immune to poison.
You have sharp fingernails.
Your flesh is cold resistant. (rC+)
You are immune to negative energy. (rN+++)
You do not regenerate when monsters are visible.
You are immune to unholy pain and torment.
You can survive without breathing.


Message History

You closely miss the ogre. The ogre hits you with a +0 giant club!
You scratch the ogre.
The ogre is lightly wounded.
The ogre hits you with a +0 giant club.
You scratch the ogre.
The ogre is lightly wounded.
You barely miss the ogre.
The ogre is lightly wounded.
The ogre barely misses you.
You scratch the ogre.
The ogre is lightly wounded.
The ogre hits you with a +0 giant club!
* * * LOW HITPOINT WARNING * * *
You scratch the ogre.
The ogre is lightly wounded.
You scratch the ogre but do no damage.
The ogre is lightly wounded.
The ogre hits you with a +0 giant club!
Ouch! That really hurt!
You die...

## #. ##. . #.< .##
##.. ..# ##... #.#
###.... ########.#
##......
#..@Og.#.####......#
#.####.#.##.g..#.###
# #.......#...#
##.....##..##
##.##....##
#.###...... #.#
..#### ... ..# #.#
###


You could see an ogre and a hobgoblin.

Vanquished Creatures
  A ball python (D:1)
  2 bats (D:1)
  2 giant cockroaches (D:1)
  A goblin (D:1)
  4 jackals (D:1)
  2 kobolds (D:1)
  A rat (D:1)
13 creatures vanquished.

Notes
Turn   | Place    | Note
-------+----------+-------------------------------------------
     0 | D:1      | Majang the Ghoul Monk began the quest for the Orb.
     0 | D:1      | Reached XP level 1. HP: 19/19 MP: 0/0
   243 | D:1      | Found a broken altar of Ashenzari.
   347 | D:1      | Reached XP level 2. HP: 26/26 MP: 1/1
   729 | D:2      | Noticed an ogre
   854 | D:2      | Mangled by an ogre

Illustrated notes

Levels and vault maps discovered:
D:1:      lemuel_arrival_broad_hall, layout_basic, minivault_4,
          nrook_mini_vaults, nicolae_ashenzari_panopticon
D:2:      layout_rooms

Action                   || total
-------------------------++-------
Melee: Unarmed           ||    42
  Use: Potion            ||     1
Armor: Chain mail        ||    19
       Robe              ||     1
Dodge: Dodged            ||    11

Table legend: (Time is in decaauts)
 A = Elapsed time spent in this place.
 B = Non-inter-level travel time spent in this place.
 C = Inter-level travel time spent in this place.
 D = Time resting spent in this place.
 E = Time spent auto-exploring this place.
 F = Levels seen in this place.
 G = Mean time per level.
                   A        B        C        D        E       F      G
               +--------+--------+--------+--------+--------+-----+--------+
         Total |    852 |    813 |     39 |     66 |    566 |   2 |  426.0 |
       Dungeon |    852 |    813 |     39 |     66 |    566 |   2 |  426.0 |
               +--------+--------+--------+--------+--------+-----+--------+

Top non-repeatable levels by time:
     D:1: 805 daAuts
     D:2: 46 daAuts
